[Event "Live Chess"]
[Site "Chess.com"]
[Date "2024.06.01"]
[Round "-"]
[White "Sacbutt"]
[Black "Stanbad1"]
[Result "0-1"]
[WhiteElo "2359"]
[BlackElo "2680"]
[TimeControl "300"]
[EndTime "11:06:26 PDT"]
[Termination "Stanbad1 won on time"]

1. d4 Nf6 2. c4 c5 3. d5 b5 4. cxb5 a6 5. bxa6 g6 6. Nc3 Bg7 7. Nf3 O-O 8. g3 Nxa6 9. Bg2 d6 10.
O-O Bf5 11. Nh4 Bd7 12. Bg5 Qb6 13. Qd2 Rfb8 14. b3 Qb4 15. Rfc1 c4 16. bxc4 Qxc4 17. Bxf6 Bxf6 18. Ne4 Qd4 19. Nxf6+ Qxf6 20. Rab1 Nc5 21. Nf3 Bf5 22. Rxb8+ Rxb8 23. Nd4 Be4 24. Bxe4 Nxe4 25.
Qe3 Nc5 26. Nc6 Rb7 27. Kg2 Kg7 28. Rc2 Qf5 29. Rd2 Ne4 30. Rd4 Nf6 31. Nxe7 Qh5 32. Rh4 Rxe7 33. Qxe7 Qxd5+ 34. e4 Qxa2 35. Qxd6 Qe2 36. Qe5 Qa6 37. Rf4 h6 38. h4 Qc6 39.
Kh2 Qb6 40. g4 Qe6 41. Qd4 g5 42. hxg5 hxg5 43. Rf5 Kg6 44. f3 Qc6 45. Qd2 Nh7 46.
Rd5 Qc7+ 47. Kg2 Qe7 48. Rd6+ f6 49. Qd4 Kg7 50. Qd5 Nf8 51. Rc6 Qa7 52. Qc4 Qe3 53. Rc7+ Kh6 54. Rc8 Qd2+ 55. Kh3 Ng6 56. Qc3 Nf4+ 0-1

[Event "Live Chess"]
[Site "Chess.com"]
[Date "2024.06.01"]
[Round "-"]
[White "NeilDruggan73"]
[Black "Grace6363"]
[Result "0-1"]
[WhiteElo "1714"]
[BlackElo "1167"]
[TimeControl "300"]
[EndTime "11:06:49 PDT"]
[Termination "Grace6363 won on time"]

1. d4 Nf6 2. Bg5 e6 3. e4 d6 4. Nf3 Nbd7 5. e5 dxe5 6. dxe5 h6 7. Be3 Ng4 8. Bf4 g5 9. Bg3 Bg7 10. h3 Ngxe5 11. Nxe5 Bxe5 12. Nc3 Bxg3 13. fxg3 Qf6 14. Bb5 c6 15. Bd3 Nc5 16. Qe2 Nxd3+ 17. Qxd3 Qe5+ 18. Ne4 b5 19. O-O-O Bb7 20. Nd6+ Kf8 21. Nxb7 Kg7 22. Rhe1 Qc7 23. Qc3+ f6 24. Nc5 b4 25. Qc4 Qxg3 26. Rxe6 Rae8 27. Rd7+ Kg6 28. Qd3+ Qxd3 29.
cxd3 Rxe6 30. Nxe6 Re8 31. Nc5 Re1+ 32. Kd2 Rg1 33. Rd6 Rxg2+ 34. Ke3 Rxb2 35. Rxc6 Rxa2 36.
Ne4 Rh2 37. Rxf6+ Kh5 38. Ng3+ Kh4 39. Ne4 Rxh3+ 0-1

[Event "Live Chess"]
[Site "Chess.com"]
[Date "2024.06.01"]
[Round "-"]
[White "RamsayFlayer"]
[Black "hapehansen"]
[Result "0-1"]
[WhiteElo "1958"]
[BlackElo "2242"]
[TimeControl "300"]
[EndTime "11:06:52 PDT"]
[Termination "hapehansen won by resignation"]

1. e4 d5 2. exd5 Qxd5 3. Nc3 Qa5 4. d4 Nf6 5. Nf3 Bf5 6. Bd3 e6 7. Bxf5 Qxf5 8. O-O c6 9. Re1 Nbd7 10. Qe2 Be7 11. Ne4 Nxe4 12. Qxe4 Qxe4 13. Rxe4 O-O 14. Bg5 Bxg5 15. Nxg5 Nf6 16. Re2 Rfd8 17. c3 Rac8 18. Ne4 Nd5 19. Nc5 b6 20. Na6 Kf8 21. a3 Nc7 22.
Nb4 Nb5 23. a4 Nd6 24. a5 c5 25.
dxc5 bxc5 26. Nc2 Rb8 27. Ne3 Ke7 28. Ra4 Rb3 29. Nc4 Nxc4 30. Rxc4 Rd1+ 0-1

[Event "Live Chess"]
[Site "Chess.com"]
[Date "2024.06.01"]
[Round "-"]
[White "powerchs"]
[Black "MellowAesthetic"]
[Result "0-1"]
[WhiteElo "1254"]
[BlackElo "2065"]
[TimeControl "300"]
[EndTime "11:07:00 PDT"]
[Termination "MellowAesthetic won by resignation"]

1. e4 c5 2. Nf3 d6 3. d4 cxd4 4. Nxd4 Nf6 5. Nc3 g6 6. f3 Bg7 7. Be3 O-O 8. Qd2 Nc6 9. O-O-O d5 10. g4 dxe4 11. g5 Nd5 12. fxe4 Nxe3 13. Qxe3 Bxd4 14. Qf3 Qa5 15. Kb1 Bxc3 0-1

[Event "Live Chess"]
[Site "Chess.com"]
[Date "2024.06.01"]
[Round "-"]
[White "JohanKjeldahl"]
[Black "LanceMaster23"]
[Result "0-1"]
[WhiteElo "1821"]
[BlackElo "1795"]
[TimeControl "300"]
[EndTime "11:07:06 PDT"]
[Termination "LanceMaster23 won by checkmate"]

1. e4 c6 2. d4 d5 3. Nc3 dxe4 4. Nxe4 Nf6 5. Ng3 Bg4 6. Nf3 e6 7. Be2 Be7 8. c3 Nbd7 9. Qb3 Qb6 10. Bf4 O-O 11. O-O h6 12. h3 Bxf3 13. Bxf3 Nd5 14. Bd2 a5 15. Ne4 N5f6 16. Rfe1 Nxe4 17. Bxe4 Qc7 18. Qc2 Nf6 19. Bf3 c5 20. dxc5 Bxc5 21. Be3 Rad8 22. a4 Bxe3 23. Rxe3 b6 24. Rae1 Rd6 25. Re5 Rfd8 26. Rb5 Nd5 27. Qe4 Ne7 28.
g4 Rd2 29. Kg2 R8d5 30. Re2 Rxb5 31. axb5 Rxe2 32. Qxe2 Nd5 33. Bxd5 exd5 34. Qe8+ Kh7 35. Qc6 Qe5 36. Qxb6 Qe4+ 37. Kf1 Qd3+ 38. Kg2 Qe4+ 39. Kg3 Qd3+ 40. Qe3 Qxb5 41. Qd2 Qb8+ 42. f4 Qb5 43. Qc2+ g6 44. h4 Qc4 45. b3 Qe4 46. Qxe4 dxe4 47.
Kf2 f5 48. gxf5 gxf5 49. h5 Kg7 50. Ke3 Kf6 51. Kd4 Ke6 52. c4 Kd6 53. Ke3 Kc5 54. Ke2 a4 55. bxa4 Kxc4 56. a5 Kb5 57. Ke3 Kxa5 58.
Kd4 Kb4 59. Ke3 Kc3 60. Ke2 Kd4 61. Kd2 e3+ 62. Ke2 Ke4 63. Kf1 Kxf4 64. Ke2 Ke4 65. Ke1 f4 66. Ke2 f3+ 67. Ke1 Kd3 68. Kf1 f2 69. Kg2 Ke2 70. Kg3 f1=Q 71. Kg4 Qf3+ 72. Kh4 Qf4+ 73. Kh3 Qg5 74. Kh2 Kf2 75. Kh3 Qg3# 0-1

[Event "Live Chess"]
[Site "Chess.com"]
[Date "2024.06.01"]
[Round "-"]
[White "Brooms1989"]
[Black "TC2304"]
[Result "0-1"]
[WhiteElo "1069"]
[BlackElo "2351"]
[TimeControl "300"]
[EndTime "11:07:09 PDT"]
[Termination "TC2304 won by resignation"]

1. e4 Nc6 2. d4 e5 3. Nf3 exd4 4. Nxd4 Bc5 5. Nxc6 dxc6 6. Qxd8+ Kxd8 7. Nc3 Be6 8. Bd3 Ke7 9. O-O Nf6 10. h3 Rad8 11. e5 Nd5 12. Nxd5+ Rxd5 13. Bf4 h6 14. Kh1 g5 15.
Bh2 Rhd8 16. Rad1 Bd4 17. Bc4 R5d7 18. c3 Bxc4 19. cxd4 Bxf1 20. Rxf1 Rxd4 0-1

[Event "Live Chess"]
[Site "Chess.com"]
[Date "2024.06.01"]
[Round "-"]
[White "educatedlad"]
[Black "Kyrylo7770"]
[Result "1-0"]
[WhiteElo "1764"]
[BlackElo "1684"]
[TimeControl "300"]
[EndTime "11:07:17 PDT"]
[Termination "educatedlad won by checkmate"]

1. d4 d5 2. Bg5 Bg4 3. h3 Bh5 4.
Nc3 h6 5. Bf4 e6 6. g4 Bg6 7.
Bg2 Bd6 8. Bxd6 Qxd6 9. e4 dxe4 10. Nxe4 Qb4+ 11. Nc3 Qxb2 12. Nge2 Nc6 13. O-O Bxc2 14.
Qd2 Nb4 15. Nb5 O-O-O 16. Rab1 Qxa2 17. Rxb4 Nf6 18. Nxa7+ Qxa7 19. Qxc2 c6 20. Rfb1 Nd5 21. Ra4 Qb8 22. Bxd5 exd5 23. Nc3 h5 24. Rba1 Qf4 25. Ra8+ Kd7 26. R1a7 Rxa8 27. Rxb7+ Ke6 28. Qe2+ Kf6 29. Qe7+ Kg6 30. gxh5+ Kxh5 31. Ne2 Ra1+ 32. Kg2 Qf5 33. Ng3+ Kg6 34. Nxf5 Kxf5 35. Qxf7+ Ke4 36. Qxg7 Rha8 37. Re7+ Kd3 38. Qg3+ Kc4 39. Rc7 Kxd4 40. Qe3+ Kc4 41. Rxc6+ Kb5 42. Qc5+ Ka4 43. Rb6 Rg8+ 44. Kf3 Ra3+ 45.
Ke2 Re8+ 46. Kf1 Ra1+ 47. Kg2 Rg8+ 48. Kh2 Ra8 49. Qb4# 1-0

[Event "Live Chess"]
[Site "Chess.com"]
[Date "2024.06.01"]
[Round "-"]
[White "Nazar-Makarchuk"]
[Black "degringolade64"]
[Result "0-1"]
[WhiteElo "1441"]
[BlackElo "2058"]
[TimeControl "300"]
[EndTime "11:07:22 PDT"]
[Termination "degringolade64 won by checkmate"]

1. e4 e5 2. Nf3 Nc6 3. Bb5 a6 4.
Bxc6 dxc6 5. O-O Qf6 6. d4 exd4 7. Qxd4 Qxd4 8. Nxd4 Bd7 9. Nc3 O-O-O 10. Bg5 f6 11. Bf4 c5 12. Nf3 Ne7 13. e5 Ng6 14. Bg3 h5 15. h3 h4 16. Bh2 Bc6 17. exf6 gxf6 18.
Rfd1 Bd6 19. Bxd6 cxd6 20. Nd5 Rdf8 21. c4 Rhg8 22. Re1 Bxd5 23. cxd5 Nf4 24. Nxh4 Nxh3+ 25. Kh2 Nf4 26. g3 Nxd5 27. Rad1 Rg5 28. Nf3 Rh5+ 29.
Kg2 Kd7 30. Re2 Rg8 31. Red2 Kc6 32. Kf1 Rh1+ 33. Ke2 Rxd1 34. Kxd1 Re8 35. Nh4 b5 36. Nf5 Re6 37. Re2 Re5 38. Rxe5 dxe5 39. Ke2 c4 40.
Nh6 b4 41. Ng8 a5 42. Kd2 a4 43. g4 a3 44. bxa3 bxa3 45. Kc2 Nb4+ 46. Kb1 Nd5 47.
Kc2 Kc5 48. f3 Kd4 49. Kd2 c3+ 50. Ke2 Nb4 51. Nxf6 Nxa2 52. Kd1 Kd3 53. Ne4 c2+ 54. Ke1 c1=Q+ 55. Kf2 Qe3+ 56. Kg3 Qf4+ 57. Kf2 Nc3 58. Nc5+ Kd4 59. Ne6+ Kd5 60. Nxf4+ exf4 61. g5 Ke5 62. Ke1 a2 63. Kd2 Ke6 64. Kxc3 a1=Q+ 65. Kd3 Qa3+ 66. Ke4 Qb4+ 67. Kd3 Ke5 68. Ke2 Qb2+ 69. Kd3 Qb3+ 70. Ke2 Kd4 71. g6 Qe3+ 72. Kf1 Qxf3+ 73.
Kg1 Qg3+ 74. Kf1 f3 75. g7 Qg2+ 76. Ke1 Qe2# 0-1

[Event "Live Chess"]
[Site "Chess.com"]
[Date "2024.06.01"]
[Round "-"]
[White "RomanKifliuk"]
[Black "PureDashingOctopus"]
[Result "0-1"]
[WhiteElo "2343"]
[BlackElo "2251"]
[TimeControl "300"]
[EndTime "11:07:34 PDT"]
[Termination "PureDashingOctopus won by resignation"]

1. e4 c5 2. f4 d5 3. e5 Nc6 4.
Nf3 Bf5 5. Bb5 Qb6 6. Bxc6+ Qxc6 7. O-O O-O-O 8. Nh4 g6 9. Nxf5 gxf5 10. d3 e6 11. a4 Ne7 12. Nc3 Rg8 13. Qf3 Ng6 14. Qh3 c4 15. d4 Be7 16. Be3 Qb6 17. Ra2 Rg7 18.
a5 Qc6 19. a6 b5 20. Ra5 b4 21.
Nb5 Qb6 22. Rfa1 b3 23. c3 Rdg8 24. g3 h5 25. Nd6+ Bxd6 26. exd6 Qxd6 27. Rc5+ Kb8 28. Raa5 Nxf4 29. Bxf4 Qxf4 30. Rab5+ Ka8 31. Qg2 Qc1+ 32. Qf1 Qxb2 33. Qf3 Qc1+ 34. Kg2 Qd2+ 35. Kh3 Qg5 36. Rc7 f6 37. Rxg7 Qxg7 38. Qe3 Qg4+ 39. Kg2 Qe4+ 40.
Qxe4 fxe4 41. Kf2 Rb8 0-1

[Event "Live Chess"]
[Site "Chess.com"]
[Date "2024.06.01"]
[Round "-"]
[White "StoreySniper"]
[Black "GEMdzq"]
[Result "1-0"]
[WhiteElo "2561"]
[BlackElo "2314"]
[TimeControl "300"]
[EndTime "11:07:40 PDT"]
[Termination "StoreySniper won by resignation"]

1. c4 Nf6 2. g3 e6 3. Bg2 d5 4. Nf3 Be7 5. O-O O-O 6. Qc2 c5 7. cxd5 exd5 8. d4 Na6 9. a3 Bg4 10. Nc3 Rc8 11. Qa4 Bd7 12. Qd1 cxd4 13. Nxd4 Nc5 14.
Nxd5 Nxd5 15. Bxd5 Ba4 16. b3 Qxd5 17. bxa4 Rfd8 18. e3 Bf6 19. Bb2 Ne4 20. Qf3 Nd2 21. Qxd5 Rxd5 22. Rfc1 Nc4 23. Rc2 Rdd8 24. Rac1 Nb6 25.
a5 Rxc2 26. Rxc2 Nd5 27. Nb5 Bxb2 28. Rxb2 a6 29. Nd4 Rd7 30. Nb3 g6 31. Nc5 Rc7 32.
Nxb7 Rc3 33. Rd2 Nf6 34. Rd6 Ne4 35. Rxa6 Rxa3 36. Ra8+ Kg7 37. a6 Ra2 38. a7 Nxf2 39. Nd6 Nd3 40. Nb5 Ne5 41. Rd8 Nf3+ 42. Kf1 Nxh2+ 43. Ke1 Nf3+ 44. Kd1 Ra5 45. a8=Q 1-0

[Event "Live Chess"]
[Site "Chess.com"]
[Date "2024.06.01"]
[Round "-"]
[White "Crowded_House"]
[Black "asingardenof"]
[Result "1-0"]
[WhiteElo "1766"]
[BlackElo "619"]
[TimeControl "300"]
[EndTime "11:08:04 PDT"]
[Termination "Crowded_House won by resignation"]

1. d4 Nf6 2. Bg5 g6 3. e3 Bg7 4. c3 d5 5. Nf3 Ne4 6. Bh4 Nd7 7. Nbd2 Nxd2 8. Qxd2 Nb6 9. Bd3 Bd7 10. O-O e6 11. Bxd8 Rxd8 12. Rfe1 Bf6 13. e4 Nc4 14. Bxc4 dxc4 15.
e5 Bg7 16. Qe2 f5 17. exf6 Bxf6 18. Ne5 Ke7 19. Nxd7 Rxd7 20. Qxc4 Rd5 21. Qxc7+ Kf8 22. Rxe6 1-0

[Event "Live Chess"]
[Site "Chess.com"]
[Date "2024.06.01"]
[Round "-"]
[White "OurKnightAtTheOpera"]
[Black "Frankie_Badacsonyi"]
[Result "0-1"]
[WhiteElo "2009"]
[BlackElo "2438"]
[TimeControl "300"]
[EndTime "11:08:13 PDT"]
[Termination "Frankie_Badacsonyi won by checkmate"]

1. e4 c6 2. d4 d5 3. e5 Bf5 4.
Nf3 e6 5. Be2 Ne7 6. Nbd2 Ng6 7.
O-O Nf4 8. c4 Nxe2+ 9. Qxe2 Be7 10. b3 O-O 11. Bb2 h6 12. Rfe1 Nd7 13. Rac1 a5 14. a3 Re8 15. Nf1 Bh7 16. Ng3 Nf8 17.
Rc3 Qd7 18. Rec1 Rec8 19. Nd2 dxc4 20. Nxc4 Qxd4 21. Rd1 Qa7 22. Nd6 Rd8 23. Qf3 Bg6 24. Nge4 Rd7 25. Nc5 Rc7 26. g3 Nd7 27. b4 Nxe5 28.
Qf4 Bf6 29. Re3 Nd7 30. Nb5 cxb5 31. Qxc7 Nxc5 32. Bxf6 gxf6 33. Qxc5 Qxc5 34. bxc5 Rc8 35. Rc3 b4 36. axb4 axb4 37. Rc4 b3 38. Rd2 Bc2 39.
Kf1 b2 40. Rb4 b1=Q+ 41. Rxb1 Bxb1 42. Rc2 Bxc2 43. Ke2 Bb3 44. Kf3 Bd5+ 45. Ke3 Rxc5 46. Ke2 Rc7 47. Kf1 b5 48. Ke1 b4 49. Kd2 b3 50. Kd3 b2 51. Kd4 b1=Q 52. Ke3 Qe4+ 53. Kd2 Rc2+ 54. Kd1 Qe2# 0-1

[Event "Live Chess"]
[Site "Chess.com"]
[Date "2024.06.01"]
[Round "-"]
[White "Mangoalo"]
[Black "JanMur7"]
[Result "0-1"]
[WhiteElo "1009"]
[BlackElo "2294"]
[TimeControl "300"]
[EndTime "11:08:14 PDT"]
[Termination "JanMur7 won by resignation"]

1. e4 g6 2. Nf3 Bg7 3. Bc4 c5 4. d4 cxd4 5. Nxd4 Nc6 6. Be3 d6 7. Nc3 Nf6 8. Qd2 Ng4 9. O-O-O Nxe3 10. Qxe3 Nxd4 11. Rxd4 Bxd4 12. Qxd4 O-O 13. h4 Qb6 14. Qd2 h5 15. Nd5 Qc5 16. Nxe7+ Kg7 17. Qc3+ Qe5 18. Nxc8 Qxc3 19. bxc3 Raxc8 20. Bb3 Rxc3 21. Kb2 Rc7 22.
f4 Re8 23. Re1 Rce7 24. Bd5 b6 25. c4 f5 26. e5 dxe5 27. Rxe5 Rxe5 28. fxe5 Rxe5 29.
g4 fxg4 0-1

[Event "Live Chess"]
[Site "Chess.com"]
[Date "2024.06.01"]
[Round "-"]
[White "PatientChessPapa"]
[Black "Larchikov"]
[Result "0-1"]
[WhiteElo "784"]
[BlackElo "2068"]
[TimeControl "300"]
[EndTime "11:08:15 PDT"]
[Termination "Larchikov won on time"]

1. e4 c6 2. d4 d5 3. exd5 cxd5 4. c4 e6 5. c5 b6 6. b4 a5 7. Nc3 axb4 8. Bb5+ Bd7 9. Bxd7+ Nxd7 10. Nb5 bxc5 11. Nf3 Qb6 12. Qe2 c4 13. a4 bxa3 14. Nxa3 Bxa3 15.
Bxa3 Rxa3 16. Rxa3 Qb4+ 17. Qd2 Qxa3 18. O-O Ngf6 19.
Ne5 O-O 20. h4 Nxe5 21. dxe5 Ne4 22. Qc2 Qb3 23. Qb1 Qxb1 24. Rxb1 c3 25. f3 Nc5 26. Rb5 Rc8 27. Kf1 c2 0-1

[Event "Live Chess"]
[Site "Chess.com"]
[Date "2024.06.01"]
[Round "-"]
[White "booktrunk"]
[Black "elephantgerrald"]
[Result "1/2-1/2"]
[WhiteElo "1378"]
[BlackElo "757"]
[TimeControl "300"]
[EndTime "11:08:17 PDT"]
[Termination "Game drawn by repetition"]

1. e4 e5 2. Nc3 Nf6 3. Nf3 Nc6 4. a3 Bc5 5. d3 O-O 6. Nd5 Nxd5 7. exd5 Ne7 8. c4 d6 9. Be2 c6 10. dxc6 Nxc6 11. O-O Bg4 12. b4 Bb6 13. h3 Bxf3 14.
Bxf3 Rc8 15. Qd2 Bd4 16. Rb1 g6 17. Bb2 Bxb2 18. Rxb2 b6 19. Re1 Re8 20. Bd5 Kg7 21. Qe3 Ne7 22. Bb7 Rb8 23. Bf3 Nf5 24. Qd2 Nd4 25.
Bd1 d5 26. c5 bxc5 27. bxc5 Rxb2 28. Qxb2 Qa5 29. Rf1 f6 30. Qb4 Qxb4 31. axb4 Nb5 32. Be2 Nc3 33. Bf3 e4 34. dxe4 dxe4 35. Bd1 Rd8 36.
Bb3 e3 37. fxe3 Ne2+ 38. Kf2 Rd2 39. Ke1 Rb2 40. Bc4 Ng3 41. Rf2 Rb1+ 42. Kd2 Rb2+ 43. Ke1 Rb1+ 44. Kd2 Rb2+ 45. Ke1 1/2-1/2

[Event "Live Chess"]
[Site "Chess.com"]
[Date "2024.06.01"]
[Round "-"]
[White "Rusty_Bridges"]
[Black "dhairyapandyauk"]
[Result "0-1"]
[WhiteElo "1485"]
[BlackElo "1742"]
[TimeControl "300"]
[EndTime "11:08:21 PDT"]
[Termination "dhairyapandyauk won by resignation"]

1. e4 e5 2. f4 d6 3. Nf3 Nc6 4. Bc4 exf4 5. d4 Nf6 6. Nc3 Be7 7. Bxf4 O-O 8. d5 Nb8 9. Qe2 a6 10. O-O-O b5 11. Bd3 b4 12. Nb1 c5 13. Nbd2 a5 14.
Nc4 a4 15. h3 Ba6 16. g4 Bxc4 17. Bxc4 b3 18. cxb3 axb3 19. a3 Ra4 20. g5 Nh5 21.
Bh2 Bxg5+ 22. Nxg5 Qxg5+ 23. Kb1 Nf4 24. Bxf4 Qxf4 25.
Rdf1 Qh4 26. Qe3 Rxc4 27. Rf4 Qh6 28. Qg3 f5 29. Rhf1 Nd7 30. Rxf5 Rxf5 31. exf5 Qd2 32. f6 Qc2+ 33. Ka1 Qc1+ 0-1

[Event "Live Chess"]
[Site "Chess.com"]
[Date "2024.06.01"]
[Round "-"]
[White "sshamil"]
[Black "TigerTank70"]
[Result "0-1"]
[WhiteElo "1681"]
[BlackElo "2203"]
[TimeControl "300"]
[EndTime "11:08:23 PDT"]
[Termination "TigerTank70 won by checkmate"]

1. g3 e5 2. Bg2 d5 3. d3 Nc6 4. Nf3 Bg4 5. O-O h5 6. Nc3 Qd7 7. Bd2 Bh3 8. a3 h4 9. b4 Bxg2 10. Kxg2 hxg3 11. fxg3 Nd4 12. e3 Qh3+ 13. Kf2 Nxf3 14. Qxf3 Qxh2+ 15. Qg2 Nf6 16. Qxh2 Rxh2+ 17. Ke1 a5 18. Nb5 Kd7 19. bxa5 c6 20. Nc3 Rg2 21.
Rb1 Kc7 22. Rf2 Rxg3 23. Ke2 Bxa3 24. Rb3 Bd6 25. Be1 Rh3 26. Rg2 Bf8 27. Bf2 Rxa5 28. d4 e4 29. Nb1 Ra2 30. Kd2 Rh1 31. Nc3 Raa1 32. Ne2 Rhd1+ 33. Kc3 b5 34. Bg3+ Kd7 35. Rb2 b4+ 36. Kb3 Ra3# 0-1

[Event "Live Chess"]
[Site "Chess.com"]
[Date "2024.06.01"]
[Round "-"]
[White "Colm_Buckley"]
[Black "LL220284LL"]
[Result "1-0"]
[WhiteElo "1809"]
[BlackElo "2567"]
[TimeControl "300"]
[EndTime "11:08:30 PDT"]
[Termination "Colm_Buckley won by resignation"]

1. d4 b6 2. c4 Bb7 3. Nc3 e6 4.
e4 Nf6 5. Bd3 d6 6. Nf3 g6 7.
O-O Bg7 8. h3 O-O 9. Be3 Nbd7 10.
Qd2 Re8 11. Bh6 Bh8 12. b4 a5 13. a3 Qe7 14. Bg5 Qf8 15. Bh6 Bg7 16. Bxg7 Qxg7 17. e5 dxe5 18. Nxe5 Nxe5 19. dxe5 Nd7 20. Be4 Bxe4 21.
Qxd7 Red8 22. Qxc7 Bd3 23. Rfd1 Rac8 24. Rxd3 Re8 25. Qxb6 Rxc4 26. Qxa5 Qf8 27. Rad1 Rcc8 28. Ne4 Ra8 29. Qc5 Qxc5 30. bxc5 Kg7 31. c6 Rec8 32.
Rc1 Ra6 33. c7 Ra7 34. Rd7 Rxa3 35. Nd6 1-0

[Event "Live Chess"]
[Site "Chess.com"]
[Date "2024.06.01"]
[Round "-"]
[White "SavagePawn7"]
[Black "WilliamofOrange16th"]
[Result "0-1"]
[WhiteElo "684"]
[BlackElo "1943"]
[TimeControl "300"]
[EndTime "11:08:40 PDT"]
[Termination "WilliamofOrange16th won by resignation"]

1. e4 d6 2. d4 Nf6 3. Bg5 Nxe4 4. Nc3 Nxg5 5. Qd2 h6 6. O-O-O Nd7 7. Bb5 c6 8. Ba4 g6 9. Qf4 Bg7 10. Nh3 Ne6 11.
Qf3 d5 12. g4 Nxd4 13. Rxd4 Bxd4 14. Ne2 Bg7 15. Re1 O-O 16. g5 Ne5 17. gxh6 Nxf3 0-1

[Event "Live Chess"]
[Site "Chess.com"]
[Date "2024.06.01"]
[Round "-"]
[White "Andysav3"]
[Black "Golden_Plans"]
[Result "0-1"]
[WhiteElo "1861"]
[BlackElo "2253"]
[TimeControl "300"]
[EndTime "11:08:47 PDT"]
[Termination "Golden_Plans won by resignation"]

1. e4 c5 2. c3 d5 3. exd5 Nf6 4. d4 Qxd5 5. Nf3 Bg4 6. Be2 Nc6 7. O-O e6 8. c4 Qd7 9. dxc5 Bxc5 10. Nc3 O-O-O 11. Qxd7+ Rxd7 12. a3 a5 13. Na4 Ba7 14. c5 Ne4 15. Nb6+ Bxb6 16. cxb6 Nc5 17. b4 Nb3 18. Rb1 Nxc1 19.
Rfxc1 axb4 20. axb4 Kb8 21. h3 Bxf3 22. Bxf3 Nd4 23. Rc3 e5 24. Rbc1 e4 25. Bd1 f5 26.
Kf1 Rhd8 27. Ba4 Rd6 28. Rc7 Rxb6 29. Rxg7 Rxb4 30. Bd7 Nb3 31. Rd1 Rd4 32. Rxd4 Nxd4 33. Rxh7 b5 34. Bxf5 Nxf5 35. Rh5 Rd5 36. g4 Ne7 37.
Rxd5 Nxd5 38. Ke2 b4 39. Kd2 b3 40. h4 Nf4 41. h5 Ne6 42. h6 Ng5 43. Kc3 Kc7 44. Kxb3 Kd6 45. Kc3 Ke5 46. Kd2 Kf4 47. Ke2 Kxg4 48. h7 Nxh7 49. Ke3 Ng5 50. Kd4 Kf3 0-1

[Event "Live Chess"]
[Site "Chess.com"]
[Date "2024.06.01"]
[Round "-"]
[White "GEMdzq"]
[Black "Crowded_House"]
[Result "1-0"]
[WhiteElo "2315"]
[BlackElo "1765"]
[TimeControl "300"]
[EndTime "11:08:47 PDT"]
[Termination "GEMdzq won by resignation"]

1. e4 e6 2. d4 d5 3. Nc3 dxe4 4. Nxe4 Bd7 5. Bg5 Bc6 6. Bxd8 Kxd8 7. Bd3 Bxe4 8. Bxe4 Nf6 9. Bxb7 c6 10. Bxa8 Nbd7 11.
Bxc6 Bd6 12. Nf3 1-0

[Event "Live Chess"]
[Site "Chess.com"]
[Date "2024.06.01"]
[Round "-"]
[White "Yarigo"]
[Black "SirGerhard"]
[Result "0-1"]
[WhiteElo "2347"]
[BlackElo "2772"]
[TimeControl "300"]
[EndTime "11:09:07 PDT"]
[Termination "SirGerhard won on time"]

1. d4 Nf6 2. Nf3 g6 3. Bf4 Bg7 4. Nc3 O-O 5. Qd2 c5 6. d5 Qa5 7. e4 d6 8. Be2 b5 9. Nxb5 Qb6 10. Nc3 Qxb2 11. Rb1 Qa3 12. Rb3 Qa5 13. O-O Ba6 14. e5 Nh5 15. Be3 dxe5 16. Rfb1 Bxe2 17. Nxe2 Qxd2 18. Nxd2 Nd7 19. c4 f5 20. Rb7 Nhf6 21. Nb3 Rfc8 22. Nc3 f4 23. Bd2 Nb6 24. Na5 Ne8 25.
Rxe7 Nd6 26. Be1 Re8 27. Rxe8+ Rxe8 28. f3 e4 29. Nxe4 Nxe4 30. fxe4 Rxe4 31. Bf2 Bd4 32. Rd1 Bxf2+ 33. Kxf2 Kf7 34. Nb7 Nxc4 35. Nxc5 Re8 36.
Rd4 Nd6 37. Rxf4+ Ke7 38. Ra4 Rc8 39. Ne6 Kf6 40. Rxa7 Ke5 41. Rxh7 Rc2+ 42. Kf3 Nf5 43. Nf4 Rc3+ 44. Kg4 Ne3+ 0-1

[Event "Live Chess"]
[Site "Chess.com"]
[Date "2024.06.01"]
[Round "-"]
[White "KwikPhoenix"]
[Black "Richardallis"]
[Result "0-1"]
[WhiteElo "2439"]
[BlackElo "2041"]
[TimeControl "300"]
[EndTime "11:09:08 PDT"]
[Termination "Richardallis won by checkmate"]

1. b3 d5 2. Bb2 c5 3. e3 Nc6 4.
Bb5 Bf5 5. Nf3 e6 6. Ne5 Qc7 7.
Bxc6+ bxc6 8. f4 f6 9. Nf3 Bd6 10. O-O Ne7 11. d3 O-O 12. Nbd2 Bg6 13. Qe2 e5 14. fxe5 fxe5 15. e4 d4 16. a4 a5 17.
Ba3 Bh5 18. Qe1 Ng6 19. g3 Rf6 20. Nc4 Raf8 21. Nfd2 Be7 22. Rxf6 Rxf6 23. Nf1 Nf8 24. Qxa5 Qd7 25. Qd2 Qh3 26. Qg2 Qe6 27. Nfd2 Rh6 28.
h3 Bg5 29. Nf3 Bxf3 30. Qxf3 Qxh3 31. Qg2 Qg4 32. Bxc5 Ne6 33. Rf1 Nxc5 34. a5 Re6 35. Rf5 g6 36. Rf3 Re8 37. b4 Na6 38. Qf2 Nxb4 39.
Nxe5 Rxe5 40. Rf8+ Kg7 41. Rf7+ Kh6 42. Qh2+ Qh5 43.
Qxh5+ gxh5 44. Ra7 Nxc2 45. Ra6 Kg7 46. Rxc6 Be3+ 47. Kf1 Nb4 48. Rc7+ Kg6 49. a6 Ra5 50. a7 Nxd3 51. Ke2 Ne5 52. Re7 Ra2+ 53. Kd1 d3 54.
Rxe5 Ra1# 0-1

[Event "Live Chess"]
[Site "Chess.com"]
[Date "2024.06.01"]
[Round "-"]
[White "WeakOldFinished"]
[Black "gmnorfolk"]
[Result "1-0"]
[WhiteElo "2017"]
[BlackElo "2096"]
[TimeControl "300"]
[EndTime "11:09:13 PDT"]
[Termination "WeakOldFinished won on time"]

1. d4 Nf6 2. c4 g6 3. Nc3 d5 4. Nf3 Bg7 5. cxd5 Nxd5 6. Qb3 Nb6 7. Bg5 O-O 8. Rd1 Nc6 9. e3 h6 10. Bh4 Kh7 11. Be2 f5 12. d5 Ne5 13. Bg3 Nxf3+ 14.
Bxf3 Bd7 15. O-O Rc8 16. a4 a5 17. Nb5 Bxb5 18. Qxb5 g5 19. Qxa5 Nc4 20. Qb4 Nd6 21. Rc1 Qe8 22. Rfd1 h5 23. h4 f4 24. exf4 g4 25.
Be4+ Kh8 26. f5 Qd7 27. Bxd6 cxd6 28. g3 Be5 29. a5 Kg7 30. Bb1 Kf6 31. Qb3 Rxc1 32.
Rxc1 Rc8 33. Rd1 Qc7 34. Qe3 Qc5 35. Qg5+ Kf7 36. Qxh5+ Kf8 37. Qxg4 Qxa5 38. f6 Qc5 39. Bh7 exf6 40. Bf5 Rc7 41. Kg2 Rg7 42. Qf3 Qb4 43. h5 Qxb2 44. Rb1 Rxg3+ 45. Qxg3 Bxg3 46. Rxb2 1-0

[Event "Live Chess"]
[Site "Chess.com"]
[Date "2024.06.01"]
[Round "-"]
[White "McFim"]
[Black "KeithArkell"]
[Result "0-1"]
[WhiteElo "1578"]
[BlackElo "2518"]
[TimeControl "300"]
[EndTime "11:09:26 PDT"]
[Termination "KeithArkell won by resignation"]

1. e4 c6 2. d4 d5 3. exd5 cxd5 4.
Bd3 Nf6 5. c3 Nc6 6. Bf4 Bg4 7.
Nf3 e6 8. Nbd2 Bd6 9. Bxd6 Qxd6 10. O-O O-O 11. Qe1 Bxf3 12. Nxf3 Qc7 13. Ne5 Nxe5 14. dxe5 Ng4 15. f4 Qb6+ 16. Rf2 Qxf2+ 17. Qxf2 Nxf2 18. Kxf2 b5 19. a3 Rab8 20. Ke3 Rfc8 21. g4 a5 22. h4 h5 23. g5 g6 24. Kd4 Kf8 25.
b4 Rc7 26. Rb1 Rbc8 27. Rc1 axb4 28. axb4 Rb8 29. Ra1 Ke7 30. Ra3 Kd7 31. Ra5 Kc6 32.
Ra6+ Rb6 33. Ra8 Rbb7 34. Ra6+ Rb6 35. Ra8 Kb7 36. Ra3 Ra6 37. Rxa6 Kxa6 38. Be2 Kb6 39. Bd3 Ra7 40. Be2 Ra1 41. Bd3 Rh1 42. f5 gxf5 43.
Bxf5 Rxh4+ 0-1

[Event "Live Chess"]
[Site "Chess.com"]
[Date "2024.06.01"]
[Round "-"]
[White "Sokolik_UA"]
[Black "willc-h99"]
[Result "0-1"]
[WhiteElo "804"]
[BlackElo "2631"]
[TimeControl "300"]
[EndTime "11:09:29 PDT"]
[Termination "willc-h99 won by checkmate"]

1. e4 d6 2. d4 Nf6 3. Nd2 Nc6 4.
Bc4 Nxd4 5. Ngf3 Nxf3+ 6. Qxf3 e6 7. b3 Be7 8. O-O O-O 9. Bb2 e5 10. Qg3 Be6 11. Nf3 h6 12. Nh4 Nh5 13. Qf3 Nf4 14. Bxe6 fxe6 15. Qd1 Bxh4 16. c4 Qg5 17. g3 Nh3+ 18. Kh1 Nxf2+ 19. Kg2 Nxd1 20. Raxd1 Qe3 21. gxh4 Qe2+ 22. Kh1 Rxf1+ 23. Rxf1 Qxf1# 0-1